Map: King's Cove LE

Players

Serral

  • Race: Zerg Zerg
  • League: Grandmaster
  • Spawn Location: 11:00

TYTY (TY) - Winner!

  • Race: Terran Terran
  • League: Master
  • Spawn Location: 5:00

Event: HomeStory Cup XIX

VOD

Have the link to the VOD?

Description

Time

  • Played on: June 30, 2019, 5:50 p.m.
  • Length: 8:26

All games in this series

Show
View Real Time Build Order
Export as new Build Order

Serral Zerg 

Build Orders: Hatch First 

Get SALT Encoding   

  12  0:01  Drone  
  13  0:12  Overlord  
  13  0:18  Drone  
  14  0:31  Drone x2  
  16  0:50  Hatchery  
  16  0:53  Drone  
  16  0:56  Drone  
  17  1:00  Drone  
  18  1:11  Extractor  
  17  1:16  Spawning Pool  
  16  1:19  Drone  
  16  1:23  Drone  
  18  1:29  Drone  
  19  1:41  Drone  
  20  2:03  Queen  
  20  2:04  Zergling x6  
  20  2:06  Spine Crawler  
  22  2:13  Zergling x2  
  22  2:14  Zergling x2  
  21  2:34  Queen  
  24  2:44  Drone  
  24  2:47  Drone  
  24  2:50  Overlord  
  25  2:54  Drone  
  27  2:58  Drone  
  27  3:03  Drone  
  28  3:10  Drone x2  
  30  3:15  Drone  
  30  3:16  Drone  
  32  3:33  Metabolic Boost  
  32  3:41  Hatchery  
  32  3:46  Queen  
  33  3:50  Drone  
  33  3:53  Overlord  
  34  3:56  Drone  
  34  3:58  Drone  
  36  4:11  Drone x5  
  36  4:16  Overlord  
  41  4:18  Drone  
  41  4:22  Drone  
  44  4:24  Drone  
  44  4:34  Queen  
  44  4:37  Overlord  
  46  4:38  Zergling x2  
  46  4:40  Drone x2  
  46  4:41  Drone  
  50  4:49  Drone  
  50  4:51  Drone  
  52  4:54  Baneling Nest  
  52  4:58  Drone, Queen  
  52  4:59  Drone  
  54  5:00  Drone  
  55  5:07  Lair  
  55  5:09  Zergling x2  
  56  5:16  Evolution Chamber  
  56  5:19  Drone x4  
  56  5:21  Drone  
  56  5:29  Drone x4  
  60  5:36  Queen  
  60  5:38  Overlord  
  60  5:39  Drone  
  63  5:43  Spore Crawler  
  63  5:44  Spore Crawler  
  63  5:46  Baneling  
  63  5:48  Drone x2, Extractor  
  63  5:49  Extractor  
  61  5:54  Drone x4  
  65  6:01  Baneling x2  
  65  6:04  Zergling x6  
  67  6:07  Drone x3  
  71  6:13  Spore Crawler  
  71  6:14  Overlord  
  71  6:15  Drone x3  
  68  6:27  Drone x4  
  66  6:38  Drone  
  66  6:39  Drone x8  
  65  6:48  Drone x2  
  65  6:52  Drone  
  64  6:57  Drone, Extractor  
  64  6:59  Extractor  
  64  7:00  Baneling  
  64  7:01  Baneling x3  
  62  7:02  Zergling x4  
  62  7:04  Zergling x4  
  66  7:12  Overlord  
  65  7:18  Drone x3  
  65  7:20  Drone  
  65  7:21  Drone, Roach Warren  
  69  7:25  Drone  
  69  7:26  Drone x3, Queen  
  75  7:31  Overseer  
  75  7:34  Drone x4  
  75  7:35  Drone, Evolution Chamber  
  79  7:43  Drone x2  
  81  7:55  Drone  
  81  7:56  Zergling x10, Evolution Chamber  
  87  8:02  Zergling x4  
Show
View Real Time Build Order
Export as new Build Order

TYTY Terran - Winner!

Build Orders:  

Get SALT Encoding   

  12  0:00  SCV  
  13  0:12  SCV  
  14  0:18  Supply Depot  
  14  0:24  SCV  
  15  0:42  Barracks  
  15  0:51  Barracks  
  15  0:55  SCV  
  16  1:07  SCV  
  17  1:15  Refinery  
  17  1:19  SCV  
  18  1:28  Marine  
  18  1:31  Orbital Command  
  19  1:37  Marine  
  20  1:45  Supply Depot  
  20  1:46  Marine  
  21  1:55  Bunker  
  21  1:58  Supply Depot  
  21  2:03  Marine  
  22  2:09  Marine  
  22  2:18  Bunker  
  24  2:25  Factory  
  24  2:26  Marine  
  24  2:28  SCV  
  24  2:32  Marine  
  25  2:40  SCV  
  28  2:52  SCV  
  27  3:00  Command Center  
  27  3:04  SCV  
  28  3:06  Refinery  
  28  3:08  Factory Reactor  
  28  3:16  SCV  
  28  3:18  Supply Depot  
  29  3:27  Starport  
  29  3:28  SCV  
  30  3:41  SCV  
  31  3:44  Hellion x2  
  35  3:53  SCV  
  36  4:04  Medivac  
  36  4:05  SCV  
  39  4:11  Hellion x2  
  39  4:13  Orbital Command  
  39  4:16  Liberator  
  43  4:17  SCV  
  44  4:31  Orbital Command  
  44  4:33  Hellion x2  
  51  4:38  SCV  
  51  4:43  Supply Depot  
  51  4:44  Barracks Tech Lab  
  53  4:52  Supply Depot  
  53  5:01  Hellion  
  53  5:05  Hellion  
  53  5:06  Armory, SCV x2  
  58  5:12  Supply Depot  
  58  5:18  SCV x2  
  60  5:26  Hellion x2  
  64  5:30  SCV  
  64  5:32  Stimpack  
  64  5:35  Barracks  
  65  5:37  SCV  
  65  5:39  Engineering Bay  
  65  5:41  Starport Reactor  
  67  5:42  SCV  
  67  5:49  Marine  
  68  5:50  SCV  
  68  5:56  Marine x2  
  71  5:57  SCV  
  71  5:59  Factory Tech Lab  
  71  6:02  SCV  
  73  6:07  Marine  
  73  6:09  SCV, Terran Infantry Weapons Level 1  
  73  6:10  Supply Depot  
  75  6:14  SCV  
  76  6:19  Marine x2  
  76  6:21  SCV  
  76  6:27  Siege Tank, SCV  
  76  6:28  Marine  
  76  6:29  Starport Reactor  
  76  6:31  Marine  
  76  6:32  Marine  
  74  6:37  Marine  
  74  6:38  Marine  
  74  6:39  SCV  
  74  6:42  Refinery  
  74  6:44  SCV  
  74  6:46  Marine  
  70  6:49  Marine x2  
  69  6:55  Marine, Refinery  
  69  6:56  Marine  
  69  6:59  Siege Tank  
  75  7:04  Marine  
  75  7:06  Medivac  
  75  7:07  Marine, Medivac  
  77  7:08  Marine  
  77  7:14  Marine x2  
  77  7:21  Marine  
  78  7:26  Marine x2, Supply Depot  
  78  7:29  Supply Depot  
  80  7:31  Siege Tank  
  80  7:32  Marine  
  84  7:41  Marine  
  84  7:42  Marine  
  86  7:47  Medivac  
  86  7:50  Supply Depot  
  86  7:51  Medivac  
  90  7:52  Marine, Supply Depot  
  90  7:54  Marine  
  90  7:56  Marine  
Tags
 
Add a new tag
Caveats
  • Supply blocks, unpowered buildings, or Contaminate may cause inaccurate times.
  • Supply counts are checked every 10 seconds.